Map: Orbital Shipyard

Players

State - Winner!

  • Race: Protoss Protoss

InZaNe

  • Race: Terran Terran
  • League: Master

Event: DreamHack ZOWIE Open Leipzig

VOD

Have the link to the VOD?

Description

Time

  • Played on: Jan. 22, 2016, 7:33 a.m.
  • Length: 4:57

All games in this series

Show
View Real Time Build Order
Export as new Build Order

State Protoss - Winner!

Build Orders: Mass Adepts 

Get SALT Encoding   

  12  0:01  Probe (Chrono Boost)  
  13  0:12  Probe (Chrono Boost)  
  14  0:18  Pylon  
  14  0:22  Probe (Chrono Boost)  
  15  0:36  Probe (Chrono Boost), Gateway  
  16  0:42  Assimilator  
  16  0:46  Probe (Chrono Boost)  
  18  0:57  Probe (Chrono Boost)  
  18  1:07  Probe (Chrono Boost)  
  19  1:15  Pylon  
  19  1:18  Probe (Chrono Boost)  
  20  1:23  Cybernetics Core  
  20  1:29  Probe (Chrono Boost)  
  21  1:34  Gateway  
  21  1:37  Gateway  
  21  1:42  Probe (Chrono Boost)  
  21  1:45  Assimilator  
  22  1:52  Probe (Chrono Boost)  
  23  2:00  Adept  
  25  2:03  Mothership Core (Chrono Boost)  
  27  2:11  Warp Gate (Chrono Boost)  
  27  2:12  Pylon  
  27  2:21  Adept  
  29  2:24  Adept  
  30  2:38  Adept  
  32  2:53  Robotics Facility  
  32  3:00  Pylon  
  32  3:02  Pylon  
  32  3:05  Pylon  
  32  3:12  Pylon  
  30  3:53  Immortal (Chrono Boost)  
  31  4:04  Mothership Core  
  31  4:07  Adept x3  
  35  4:28  Stalker x3  
  41  4:52  Adept x3  
Show
View Real Time Build Order
Export as new Build Order

InZaNe Terran 

Build Orders: Reaper Expand 

Get SALT Encoding   

  12  0:00  SCV  
  13  0:12  SCV  
  14  0:17  Supply Depot  
  14  0:24  SCV  
  15  0:38  SCV  
  15  0:40  Barracks  
  16  0:43  Refinery  
  16  0:51  SCV  
  17  1:03  SCV  
  18  1:15  SCV  
  19  1:27  Orbital Command  
  19  1:28  Reaper  
  20  1:40  Command Center  
  20  1:51  Supply Depot  
  20  1:52  SCV  
  21  2:00  Barracks Reactor  
  21  2:04  SCV  
  22  2:15  Bunker  
  22  2:17  SCV  
  23  2:22  Factory  
  23  2:29  SCV  
  24  2:36  Marine x2  
  26  2:41  SCV  
  27  2:53  SCV  
  27  2:54  Orbital Command  
  27  2:57  Marine x2  
  30  3:05  SCV  
  31  3:08  Factory Tech Lab, Bunker  
  31  3:09  Bunker, Starport  
  31  3:15  Marine x2  
  33  3:33  Marine x2  
  26  3:51  Marine x2  
  27  4:07  Siege Tank  
  27  4:09  Marine x2  
  29  4:26  Marine x2  
  29  4:30  Bunker  
  30  4:35  Supply Depot  

Tags
 
Add a new tag
Caveats
  • Supply blocks, unpowered buildings, or Contaminate may cause inaccurate times.
  • Supply counts are checked every 10 seconds.